 Dungeon Crawl Stone Soup version 0.32-a0-136-gc02482bde3 (webtiles) character file.

Game seed: 18117763091204722196

129 BubbleThief the Chopper (level 5, 0/47 HPs)
             Began as a Hill Orc Fighter on Feb 11, 2024.
             Slain by a gnoll
             ... wielding a +0 halberd
              (8 damage)
             ... on level 3 of the Dungeon.
             The game lasted 00:02:30 (1416 turns).

BubbleThief the Chopper (Hill Orc Fighter)          Turns: 1416, Time: 00:02:31

Health: 0/47       AC: 10    Str: 21    XL:     5   Next: 12%
Magic:  5/5        EV:  9    Int:  8    God:
Gold:   35         SH:  4    Dex: 10    Spells: 4/4 levels left

rFire   . . .        a - +0 war axe
rCold   . . .        c - +0 buckler
rNeg    . . .        b - +0 scale mail
rPois   .            (no helmet)
rElec   .            m - +0 cloak
rCorr   .            j - +1 pair of gloves
SInv    .            (no boots)
Will    +....        (no amulet) Stlth
                     (no ring)
HPRegen 0.27/turn    (no ring)
MPRegen 0.09/turn

%: no passive effects
@: enlightened, flying
A: no striking features
a: no special abilities


You were on level 3 of the Dungeon.
You visited 1 branch of the dungeon, and saw 3 of its levels.

You collected 65 gold pieces.
You spent 30 gold pieces at shops.

Inventory:

Hand Weapons
 a - a +0 war axe (weapon)
Armour
 b - a +0 scale mail (worn)
 c - a +0 buckler (worn)
 j - a +1 pair of gloves (worn)
 m - a +0 cloak (worn)
Jewellery
 i - a ring of willpower
Scrolls
 e - a scroll of identify {unknown}
 f - a scroll of vulnerability {unknown}
 h - 2 scrolls of teleportation {unknown}
Potions
 d - a potion of might
 g - 2 potions of enlightenment
 k - a potion of invisibility {unknown}
 l - 3 potions of curing
 n - 2 potions of heal wounds {unknown}


   Skills:
 + Level 4.9 Fighting
 * Level 5.7 Axes
 - Level 3.2 Armour
 - Level 3.2 Shields


You had 4 spell levels left.
You didn't know any spells.
Your spell library contained the following spells:

 Spells                   Type           Power      Damage    Failure   Level
 Apportation              Tloc           0%         N/A       82%         1
 Jinxbite                 Hex            0%         N/A       91%         2
 Mephitic Cloud           Conj/Alch/Air  0%         N/A       99%         3
 Sticky Flame             Fire/Alch      0%         2d4       100%        4
 Alistair's Intoxication  Alch           0%         N/A       100%        5


Dungeon Overview and Level Annotations

Branches:
Dungeon (3/15)

Altars:

Shops:
D:3 !


Message History

You closely miss the gnoll.
The gnoll is moderately wounded.
You feel sick.
You are no longer poisoned.
The gnoll hits you from afar with a +0 halberd!
You block the gnoll's attack.
Unknown command.
You are too injured to fight recklessly!
You are too injured to fight recklessly!
You barely miss the gnoll.
The gnoll is moderately wounded.
The gnoll barely misses you. The gnoll hits you but does no damage.
The gnoll hits you with a +0 spear!
* * * LOW HITPOINT WARNING * * *
The gnoll closely misses you.
Unknown command.
Sorry, you're not good enough to have a special ability.
Unknown command.
You aren't carrying any items that you can evoke.
It was a potion of enlightenment.
You feel very buoyant.
You fly up into the air.
The gnoll hits you but does no damage.
The gnoll hits you from afar with a +0 halberd!
* * * LOW HITPOINT WARNING * * *
Unknown command.
You hit the gnoll but do no damage.
The gnoll is moderately wounded.
The gnoll hits you but does no damage. You block the gnoll's attack.
Unknown command.
You slash the gnoll!
The gnoll is severely wounded.
The gnoll hits you but does no damage. The gnoll closely misses you.
Unknown command.
You barely miss the gnoll.
The gnoll is severely wounded.
The gnoll hits you but does no damage. The gnoll barely misses you.
You slash the gnoll!
You kill the gnoll!
The gnoll hits you from afar with a +0 halberd!
You die... .(. ..#. ..###... ....... ..... ######## rb.. #....†.##### #gr

#.####.....#
#)# #.#
#.....#####@##
#.#
##............#
..#
#.............#
###
#.............#
#.............#
####.∩..).....#
##.........#
#.........#
#.........#


You could see a gnoll, a quokka, a bat and a rat.

Vanquished Creatures
  Natasha (twice) (D:2)
  2 gnolls (D:3)
  2 adders (D:3)
  2 ribbon worms (D:2)
  2 ball pythons (D:1)
  2 endoplasms (D:2)
  5 giant cockroaches
  6 goblins
  3 hobgoblins (D:1)
  5 kobolds
  3 quokkas
  8 bats
  A frilled lizard (D:1)
  5 rats
48 creatures vanquished.

Notes
Turn   | Place    | Note
-------+----------+-------------------------------------------
     0 | D:1      | BubbleThief the Hill Orc Fighter began the quest for the
                  | Orb.
     0 | D:1      | Reached XP level 1. HP: 19/19 MP: 1/1
    97 | D:1      | Reached skill level 3 in Axes
   120 | D:1      | Reached XP level 2. HP: 27/27 MP: 2/2
   421 | D:1      | Reached skill level 4 in Axes
   438 | D:1      | Reached XP level 3. HP: 33/33 MP: 3/3
   737 | D:2      | Found a faded altar of an unknown god.
   759 | D:2      | Got Sif Muna's Omnibus of Compounds
  1103 | D:2      | Noticed Natasha
  1113 | D:2      | Killed Natasha
  1114 | D:2      | Reached skill level 5 in Axes
  1114 | D:2      | Reached XP level 4. HP: 32/41 MP: 4/4
  1254 | D:2      | Noticed Natasha
  1264 | D:2      | Killed Natasha
  1371 | D:3      | Found Zergho Ocra's Distillery.
  1383 | D:3      | Bought a potion of curing for 30 gold pieces
  1404 | D:3      | Reached XP level 5. HP: 47/47 MP: 5/5
  1416 | D:3      | Slain by a gnoll

Illustrated notes

Levels and vault maps discovered:
D:1:      dpeg_arrival_yet_another_circle, layout_rooms
D:2:      layout_basic, ebering_ecumenical_altar_webs, minmay_misc_feat_x,
          uniq_natasha
D:3:      layout_basic, serial_shops, nicolae_shop_hallway_stairs, shop, shop,
          hangedman_feature_mirror, uniq_sigmund

Skill      XL: |  1  2  3 |
---------------+----------+-----
Axes           | 3 4 5 |  5.7
Fighting       | 4 |  4.9
Armour         | |  3.2
Shields        | |  3.2

Action                     |  1- 3 |  4- 6 || total
---------------------------+-------+-------++-------
  Melee: War axe           |    99 |    54 ||   153
    Use: Potion            |       |     1 ||     1
 Armour: Scale mail        |    66 |    50 ||   116
  Dodge: Dodged            |    41 |    31 ||    72
  Block: Buckler           |    29 |     9 ||    38

Table legend: (Time is in decaauts)
 A = Elapsed time spent in this place.
 B = Non-inter-level travel time spent in this place.
 C = Inter-level travel time spent in this place.
 D = Time resting spent in this place.
 E = Time spent auto-exploring this place.
 F = Levels seen in this place.
 G = Mean time per level.
                   A        B        C        D        E       F      G
               +--------+--------+--------+--------+--------+-----+--------+
         Total |   1463 |   1416 |     47 |      0 |   1053 |   3 |  487.7 |
       Dungeon |   1463 |   1416 |     47 |      0 |   1053 |   3 |  487.7 |
               +--------+--------+--------+--------+--------+-----+--------+

Top non-repeatable levels by time:
     D:2: 746 daAuts
     D:1: 646 daAuts
     D:3: 71 daAuts
